Map: Ephemeron LE

Players

BlyOnFire (Bly) - Winner!

  • Race: Zerg Zerg
  • League: Grandmaster
  • Spawn Location: 11:00

Special

  • Race: Terran Terran
  • League: Master
  • Spawn Location: 5:00

Event: HomeStory Cup XX

VOD

Have the link to the VOD?

Description

Time

  • Played on: Nov. 22, 2019, 2:30 p.m.
  • Length: 18:37

All games in this series

Show
View Real Time Build Order
Export as new Build Order

BlyOnFire Zerg - Winner!

Build Orders: Hatch First, Muta Ling Bane 

Get SALT Encoding   

  12  0:01  Drone  
  13  0:12  Overlord  
  13  0:18  Drone  
  14  0:30  Drone x2  
  16  0:48  Hatchery  
  15  0:51  Drone  
  15  0:55  Drone  
  17  0:58  Drone  
  18  1:09  Extractor  
  17  1:14  Spawning Pool  
  17  1:16  Drone  
  17  1:20  Drone  
  18  1:28  Drone  
  19  1:38  Drone  
  20  1:53  Overlord  
  20  2:00  Queen x2  
  24  2:02  Zergling x4  
  26  2:10  Drone x2  
  26  2:14  Metabolic Boost  
  28  2:17  Extractor  
  28  2:21  Drone x2  
  30  2:40  Hatchery  
  30  2:41  Spore Crawler  
  28  2:45  Queen  
  30  2:52  Overlord  
  30  2:53  Drone x2  
  30  2:56  Drone  
  33  3:05  Drone  
  33  3:06  Drone  
  35  3:13  Drone x3  
  35  3:14  Drone x2  
  35  3:17  Overlord  
  40  3:26  Queen  
  42  3:27  Overlord  
  42  3:38  Zergling x6  
  45  3:44  Drone x3  
  45  3:45  Drone  
  49  3:49  Queen  
  49  3:50  Overlord  
  49  3:52  Queen  
  49  3:55  Zergling x2  
  54  3:59  Overlord  
  54  4:00  Overlord  
  54  4:07  Drone x2  
  54  4:08  Drone x3  
  59  4:15  Drone x2  
  61  4:20  Evolution Chamber  
  61  4:21  Evolution Chamber  
  59  4:27  Zergling x2  
  59  4:28  Zergling x8  
  64  4:34  Spore Crawler  
  64  4:35  Zergling x6  
  66  4:42  Drone x3  
  69  4:51  Zerg Ground Armor Level 1  
  69  4:52  Spore Crawler, Drone x8  
  74  5:03  Drone x4  
  73  5:14  Drone x5  
  73  5:18  Drone x4  
  73  5:19  Zerg Melee Weapons Level 1  
  82  5:22  Extractor x2  
  82  5:23  Extractor  
  82  5:24  Extractor  
  78  5:33  Drone x4  
  82  5:35  Extractor  
  82  5:36  Hatchery  
  82  5:41  Drone  
  81  5:44  Drone  
  81  5:45  Overlord  
  81  5:46  Lair  
  82  5:50  Hatchery  
  81  5:59  Drone  
  81  6:00  Overlord x2  
  82  6:12  Overlord x3  
  82  6:15  Drone x3  
  82  6:17  Baneling Nest  
  84  6:21  Zergling x14  
  90  6:28  Zergling x2  
  88  6:41  Zergling x12  
  88  6:46  Zerg Ground Armor Level 2  
  93  6:59  Zergling x18  
  102  7:01  Hatchery  
  102  7:02  Baneling x2  
  102  7:03  Centrifical Hooks, Baneling x11  
  95  7:13  Zergling x20  
  101  7:20  Zergling x16  
  108  7:25  Zerg Melee Weapons Level 2  
  108  7:27  Zergling x4  
  108  7:28  Zergling x2, Spire  
  106  7:49  Zergling x30  
  108  8:03  Zergling x8  
  90  8:13  Zergling x20  
  87  8:23  Drone x5  
  92  8:35  Drone x8  
  100  8:42  Zerg Flyer Weapons Level 1  
  100  8:48  Mutalisk x6  
  102  8:54  Mutalisk x2  
  111  9:09  Drone x4  
  116  9:10  Drone x2  
  116  9:11  Baneling x9  
  116  9:12  Overseer  
  116  9:14  Hatchery  
  114  9:18  Mutalisk x4  
  121  9:32  Mutalisk x2  
  124  9:41  Hatchery  
  124  9:44  Zergling x2  
  124  9:45  Zergling x20  
  113  9:59  Mutalisk x4  
  110  10:05  Mutalisk  
  112  10:07  Zergling x18  
  121  10:21  Drone x2  
  121  10:22  Drone x4  
  121  10:25  Hatchery  
  121  10:26  Zergling x8  
  121  10:27  Zergling x4  
  132  10:30  Baneling x6  
  132  10:39  Zerg Flyer Weapons Level 2  
  132  10:48  Zergling x8  
  136  10:52  Pneumatized Carapace  
  136  10:53  Overseer x3  
  135  11:02  Mutalisk x2  
  135  11:04  Overlord  
  117  11:25  Drone x16  
  133  11:33  Infestation Pit  
  132  11:40  Mutalisk x5  
  132  11:43  Extractor  
  140  11:47  Extractor  
  140  11:50  Mutalisk x2  
  140  11:52  Zergling x14  
  150  12:03  Spore Crawler  
  150  12:08  Zergling x14  
  156  12:10  Overlord x4  
  156  12:11  Hive  
  156  12:19  Drone  
  156  12:20  Drone x5  
  155  12:33  Overseer  
  155  12:39  Mutalisk x7  
  164  13:04  Mutalisk x5  
  172  13:06  Zergling x8  
  172  13:07  Zergling x18  
  174  13:28  Zerg Ground Armor Level 3  
  174  13:29  Ultralisk Cavern  
  174  13:30  Drone x3  
  174  13:31  Drone x4  
  174  13:32  Drone  
  174  13:34  Extractor  
  177  13:36  Zergling x4  
  177  13:38  Queen x2  
  183  13:42  Baneling x12  
  181  13:59  Extractor  
  178  14:06  Hatchery, Zergling x20  
  183  14:10  Baneling x13  
  183  14:11  Baneling x3  
  183  14:21  Chitinous Plating  
  183  14:23  Zerg Melee Weapons Level 3  
  183  14:24  Adrenal Glands  
  181  14:39  Zergling x20  
  187  14:51  Overlord x4  
  187  14:53  Greater Spire  
  187  14:55  Overlord x2  
  187  14:59  Baneling x6  
  187  15:00  Baneling x7  
  183  15:41  Spore Crawler  
  176  15:47  Ultralisk x4  
  200  15:55  Overlord  
  173  16:12  Zergling x54  
  172  16:35  Ultralisk x5  
  196  16:44  Overseer  
  196  16:46  Overseer  
  196  16:47  Overseer x2  
  196  16:53  Baneling x8  
  195  17:00  Overseer  
  195  17:01  Overseer x2  
  195  17:04  Overseer x2  
  195  17:05  Overseer  
  195  17:08  Baneling x6  
  181  17:34  Zergling x20  
  181  17:35  Zergling x26  
  192  17:48  Zergling x14  
  165  17:59  Zergling x10  
  165  18:00  Zergling x6  
  165  18:04  Baneling  
  165  18:05  Corruptor  
Show
View Real Time Build Order
Export as new Build Order

Special Terran 

Build Orders: Liberator Opening, Reaper Expand 

Get SALT Encoding   

  12  0:00  SCV  
  13  0:12  SCV  
  14  0:17  Supply Depot  
  14  0:24  SCV  
  15  0:38  SCV  
  15  0:40  Barracks  
  16  0:44  Refinery  
  16  0:51  SCV  
  17  1:03  SCV  
  18  1:15  SCV  
  19  1:28  Orbital Command, Reaper  
  20  1:41  Command Center  
  20  1:52  Supply Depot  
  20  1:53  SCV  
  21  2:00  Marine  
  22  2:05  SCV  
  23  2:09  Factory  
  22  2:17  SCV  
  22  2:21  Refinery, Barracks Reactor  
  24  2:30  SCV  
  24  2:42  SCV  
  25  2:53  Orbital Command  
  25  2:54  SCV  
  25  2:56  Starport  
  26  3:02  Hellion x2  
  26  3:04  Barracks Tech Lab  
  30  3:07  SCV  
  31  3:16  Liberator  
  31  3:19  SCV  
  32  3:23  Marine  
  32  3:24  Hellion x2, SCV  
  38  3:31  SCV  
  42  3:38  Supply Depot  
  42  3:43  SCV  
  42  3:44  SCV  
  45  3:53  Hellion, Stimpack  
  46  4:00  Hellion, SCV x2  
  50  4:04  Supply Depot  
  50  4:12  SCV x2  
  52  4:18  Marine  
  53  4:26  SCV  
  53  4:27  Command Center  
  53  4:29  SCV  
  55  4:33  Factory Tech Lab  
  55  4:34  Supply Depot  
  55  4:42  Barracks, SCV x2  
  55  4:43  Marine, Barracks  
  58  4:46  Starport Reactor  
  58  4:52  Siege Tank  
  61  4:54  SCV  
  61  4:55  SCV  
  60  5:01  Marine  
  60  5:06  SCV  
  60  5:08  SCV  
  57  5:14  Engineering Bay x2  
  57  5:18  SCV  
  57  5:19  Marine  
  57  5:20  SCV  
  60  5:23  Refinery x2  
  60  5:30  Starport Reactor, SCV  
  60  5:31  Marine x2  
  60  5:32  SCV  
  60  5:33  Siege Tank  
  60  5:34  Combat Shield  
  67  5:37  Marine x2  
  67  5:41  Orbital Command  
  70  5:42  SCV  
  70  5:44  SCV  
  70  5:46  Terran Infantry Weapons Level 1  
  70  5:47  Marine, Terran Infantry Armor Level 1  
  70  5:48  Marine x2  
  74  5:54  SCV  
  74  5:55  Marine  
  74  5:56  Marine, Supply Depot, SCV  
  78  6:05  Marine  
  78  6:06  Marine x2  
  78  6:09  Medivac  
  78  6:10  Widow Mine  
  85  6:12  Orbital Command  
  85  6:17  Marine x2, Medivac  
  85  6:18  SCV x2  
  91  6:21  Supply Depot  
  91  6:22  Marine, Supply Depot x2  
  91  6:24  Marine  
  93  6:42  Marine x4, Siege Tank, SCV  
  93  6:43  SCV x2  
  93  6:46  Medivac  
  105  6:47  Medivac  
  105  6:50  Barracks  
  105  6:51  Marine  
  105  6:53  Barracks  
  106  6:55  Armory  
  106  6:57  SCV  
  106  6:58  SCV x2  
  106  7:00  Marine x3  
  111  7:09  Marine x2  
  111  7:10  SCV  
  111  7:13  SCV  
  111  7:14  Siege Tank  
  113  7:20  Marine  
  113  7:22  Marine x2  
  116  7:23  SCV  
  117  7:39  Supply Depot  
  117  7:40  Supply Depot, Orbital Command  
  117  7:41  Marine x2  
  117  7:42  Marine, Medivac x2, SCV x2  
  117  7:43  Marine  
  125  7:48  Marine  
  125  7:50  Barracks Reactor  
  114  7:52  Barracks Reactor  
  109  8:00  Marine  
  109  8:01  Marine x2  
  109  8:02  Marine  
  109  8:04  SCV  
  108  8:06  Marine  
  108  8:10  SCV x2  
  108  8:12  Terran Infantry Weapons Level 2, Medivac x2  
  105  8:16  SCV  
  105  8:18  Marine  
  105  8:19  Marine x2  
  99  8:22  SCV  
  99  8:24  Marine x2  
  100  8:27  SCV  
  100  8:30  SCV  
  100  8:34  SCV  
  102  8:35  Factory  
  102  8:36  Marine  
  102  8:37  Marine x2  
  104  8:41  Medivac x2  
  104  8:43  Marine x2  
  104  8:44  SCV x2  
  104  8:45  Marine  
  104  8:46  Marine, Terran Infantry Armor Level 2, SCV  
  115  8:48  Refinery  
  115  8:53  Marine x2  
  115  8:54  Marine, Supply Depot  
  115  8:55  Marine  
  119  8:57  Supply Depot  
  119  8:58  Marine  
  119  8:59  SCV x2  
  119  9:01  Marine x2  
  124  9:03  Marine  
  125  9:15  Marine, SCV  
  127  9:18  Supply Depot  
  127  9:19  Factory Reactor  
  127  9:20  Supply Depot, Missile Turret x2  
  127  9:21  Siege Tank  
  127  9:23  SCV x2  
  132  9:24  Marine x2  
  132  9:25  Marine x2  
  132  9:29  Marine, Terran Vehicle And Ship Armor Level 1  
  137  9:36  SCV x2  
  137  9:37  SCV  
  137  9:38  Marine  
  140  9:40  Marine  
  140  9:41  Marine  
  140  9:43  Medivac  
  130  9:46  Medivac  
  130  9:52  Marine, Thor  
  126  9:56  Marine  
  128  10:02  Widow Mine x2  
  128  10:06  Marine x3  
  128  10:07  Marine x4  
  128  10:10  Marine  
  133  10:14  Marine  
  129  10:23  Command Center  
  129  10:24  Marine x2  
  129  10:26  Widow Mine x2  
  129  10:27  Missile Turret  
  135  10:33  Marine x2  
  135  10:34  Marine x2  
  136  10:35  Marine  
  136  10:36  Marine, Thor  
  136  10:37  Marine  
  136  10:40  Drilling Claws  
  136  10:42  Marine x2  
  147  10:44  Medivac x2  
  147  10:45  Supply Depot  
  147  10:46  Supply Depot  
  151  10:51  Marine x2  
  153  10:59  Marine  
  153  11:00  Marauder  
  153  11:03  Marine  
  157  11:07  Marine x4, Widow Mine x2, Barracks x2  
  157  11:10  Barracks  
  141  11:21  Marine x5  
  141  11:23  Widow Mine  
  141  11:25  Terran Infantry Weapons Level 3  
  142  11:26  Marine  
  142  11:28  SCV x3  
  142  11:31  Marine, Refinery  
  147  11:34  Marine x2  
  147  11:36  Widow Mine x2  
  147  11:39  Marine x4  
  156  11:40  Marine  
  156  11:44  Marine, Thor  
  165  11:49  Marine  
  165  11:52  Marine x2  
  168  11:54  Barracks Tech Lab  
  168  11:55  Barracks Tech Lab  
  168  11:57  Marine, Widow Mine x2  
  168  11:58  Marauder  
  168  12:00  SCV x2  
  173  12:04  Marine  
  173  12:05  Marine  
  175  12:09  Missile Turret  
  175  12:13  Marine  
  176  12:18  Planetary Fortress  
  176  12:19  Marine x2, Widow Mine  
  176  12:21  Marine  
  181  12:24  Marine x4, Marauder  
  181  12:26  Marine  
  184  12:34  Sensor Tower  
  182  12:39  Marauder  
  182  12:41  Marine, Marauder  
  187  12:46  Marine  
  187  12:49  Marine x2  
  188  12:52  Supply Depot  
  188  13:03  Widow Mine  
  188  13:09  Marine, Marauder  
  188  13:12  Marine  
  188  13:13  Marauder  
  188  13:14  Marine x3, Marauder  
  188  13:15  Barracks Tech Lab  
  188  13:17  SCV x2  
  191  13:25  Widow Mine x2  
  195  13:33  SCV  
  196  13:42  Missile Turret x2  
  196  13:43  Missile Turret  
  196  13:45  Missile Turret  
  196  13:47  Missile Turret  
  196  13:48  Command Center  
  196  14:01  Marine x2  
  196  14:02  Marine x2  
  195  14:04  Marauder  
  195  14:07  Marine  
  195  14:09  Marine x5  
  195  14:10  Marauder  
  195  14:11  Medivac x2  
  187  14:17  SCV x3  
  187  14:18  Widow Mine x2  
  187  14:19  Marine x2  
  187  14:20  Marine x2  
  189  14:24  Marine  
  189  14:25  Marine  
  189  14:27  Engineering Bay  
  189  14:29  Engineering Bay, SCV x3  
  189  14:31  Marine  
  191  14:34  Marine  
  186  14:40  Widow Mine x2, Marine  
  186  14:41  Medivac x2, SCV x3  
  186  14:45  Marine  
  195  14:53  SCV  
  195  14:55  Missile Turret  
  195  14:57  Missile Turret, Terran Infantry Armor Level 3  
  195  14:59  Marine, SCV  
  200  15:00  Marauder  
  200  15:05  SCV x2  
  200  15:11  Medivac x2  
  200  15:20  Fusion Core  
  200  15:21  Starport  
  200  15:22  Starport  
  200  15:26  Missile Turret  
  199  15:30  Missile Turret, SCV  
  199  15:34  Missile Turret  
  198  15:41  Marauder  
  200  15:46  SCV  
  200  15:47  SCV  
  200  15:52  SCV  
  200  15:58  Starport Reactor  
  200  16:03  Liberator x2  
  192  16:04  Marine  
  178  16:17  Marine x2  
  180  16:23  Marine  
  180  16:24  SCV  
  180  16:26  Marine  
  180  16:29  Marine x2  
  180  16:31  SCV  
  155  16:35  Marine  
  155  16:36  Starport Reactor  
  155  16:37  Liberator x2  
  150  16:48  Refinery  
  150  16:49  Refinery  
  150  16:53  Supply Depot x2  
  150  16:55  SCV  
  157  17:05  Barracks Tech Lab x2  
  157  17:10  Supply Depot  
  157  17:14  Marine x3, SCV  
  161  17:21  Marine  
  160  17:26  SCV  
  160  17:28  Orbital Command  
  160  17:29  Engineering Bay  
  153  17:31  Marine  
  153  17:35  Marine  
  153  17:36  Marine  
  148  17:42  SCV  
  148  17:44  Marine  
  130  17:46  Marine  
  130  17:57  Marine, Marauder  
  93  18:00  Marauder  
  91  18:08  Marine, Marauder  
  91  18:11  SCV  
  88  18:14  SCV  
Tags
 
Add a new tag
Caveats
  • Supply blocks, unpowered buildings, or Contaminate may cause inaccurate times.
  • Supply counts are checked every 10 seconds.